Kings vs Oilers
Created - 23 février 2014 at 19:08
Goals
|
| Kings |
1 |
0 |
2 |
3 |
| Oilers |
1 |
0 |
0 |
1 |
|
Shots
|
| Kings |
10 |
14 |
12 |
36 |
| Oilers |
7 |
9 |
5 |
21 |
|
1st period
1. Oilers , Pavel Datsyuk 38 (Markus Naslund) at 0:08
2. Kings , Derek Boogaard 20 (Patrick Kane) at 17:38
Penalties :
Patrick Kane (LAK) for Hooking (Minor) at 6:20, Derek Boogaard (LAK) for Hooking (Minor) at 13:34
2nd period
No Goal
Penalties :
Ilya Kovalchuk (Edm) for Tripping (Minor) at 0:28
3rd period
3. Kings , Kris Vernarsky 15 (Antti Miettinen, Matt Pettinger) at 0:53
4. Kings , Antti Miettinen 15 (Adrian Aucoin) at 16:42
Penalties :
Patrick Kane (LAK) for Interference (Minor) at 3:17, Ryan Callahan (LAK) for High sticking (Minor) at 8:19, Duncan Keith (Edm) for Slashing (Minor) at 9:47, Markus Naslund (Edm) for Roughing (Minor) at 16:43
Goalie Stats
Michal Neuvirth (LAK), 20 saves from 21 shots - (0,952), W, 14-16-3, 60:00 minutes
Scott Clemmensen (Edm), 33 saves from 36 shots - (0,917), L, 9-4-2, 60:00 minutes
Players Stats for Kings
Player Name G A P +/- PIM S H SB GA TA FO MP PP MP PK MP
------------------------------------------------------------------------------------
Adrian Aucoin 0 1 1 1 0 0 3 1 0 1 0/0 20:32 0:20 0:00
Antti Miettinen 1 1 2 2 0 3 1 1 1 0 0/1 12:51 0:07 2:07
Anze Kopitar 0 0 0 -1 0 5 2 0 1 0 9/26 20:21 2:28 1:17
Danny Richmond 0 0 0 1 0 1 0 0 0 0 0/0 21:17 2:10 4:59
Dennis Wideman 0 0 0 0 0 2 0 0 0 1 0/0 15:43 1:50 2:26
Derek Boogaard 1 0 1 1 2 2 3 0 0 0 0/0 13:50 0:07 0:43
Georges Laraque 0 0 0 -1 0 1 4 0 0 2 0/0 20:04 0:07 4:10
Henrik Zetterberg 0 0 0 -1 0 2 2 0 0 0 0/2 18:46 2:28 0:15
Jason Arnott 0 0 0 0 0 2 1 1 0 0 4/9 11:23 0:00 4:11
Jay Bouwmeester 0 0 0 1 0 2 0 2 0 0 0/0 26:27 3:16 1:49
Kris Vernarsky 1 0 1 2 0 5 1 2 0 1 1/5 12:11 0:00 2:07
Matt Pettinger 0 1 1 2 0 1 0 0 0 0 0/0 10:07 0:00 0:00
Patrick Kane 0 1 1 1 4 4 2 0 1 3 0/1 16:39 2:28 0:00
Patrik Berglund 0 0 0 1 0 0 2 0 0 0 11/15 15:48 2:51 0:00
Ryan Callahan 0 0 0 0 2 0 1 0 0 0 0/0 9:38 2:51 0:00
Sean Zimmerman 0 0 0 0 0 0 2 0 0 0 0/0 16:18 0:00 4:59
Sergei Gonchar 0 0 0 1 0 2 2 1 0 1 0/0 19:43 3:16 0:37
Tomas Fleischmann 0 0 0 0 0 4 1 0 1 0 1/1 10:22 2:51 0:00
Players Stats for Oilers
Player Name G A P +/- PIM S H SB GA TA FO MP PP MP PK MP
------------------------------------------------------------------------------------
Brad Boyes 0 0 0 -1 0 0 2 0 1 0 2/3 18:22 3:55 0:00
David Moss 0 0 0 0 0 4 2 1 0 0 0/0 6:52 0:03 0:00
Duncan Keith 0 0 0 -2 2 1 0 0 1 0 0/0 24:32 4:39 2:01
Eric Nystrom 0 0 0 0 0 0 0 0 0 0 0/0 7:15 0:00 0:10
Erik Rasmussen 0 0 0 -1 0 3 1 0 0 0 3/6 12:49 0:00 2:53
Frantisek Kaberle 0 0 0 -1 0 0 1 0 0 2 0/0 18:40 0:00 1:41
Ian White 0 0 0 0 0 3 2 2 0 0 0/0 28:55 4:40 2:27
Ilya Kovalchuk 0 0 0 -1 2 0 0 4 1 0 1/1 19:33 3:55 0:57
Joe Pavelski 0 0 0 0 0 1 2 2 2 1 0/0 19:09 3:27 0:01
Joffrey Lupul 0 0 0 0 0 0 0 0 0 0 1/1 6:29 0:00 0:00
Jonathan Toews 0 0 0 -1 0 0 2 2 0 0 7/18 17:45 3:55 0:09
Karel Pilar 0 0 0 -1 0 0 0 1 0 0 0/0 20:20 2:45 2:37
Markus Naslund 0 1 1 0 2 2 5 0 2 0 1/1 20:42 3:27 1:26
Patrick Kaleta 0 0 0 -1 0 1 0 1 0 1 0/0 10:08 0:03 0:00
Pavel Datsyuk 1 0 1 0 0 2 1 1 2 0 19/30 22:12 3:27 2:24
Rob Scuderi 0 0 0 0 0 0 0 1 0 0 0/0 3:51 0:00 0:00
Steve Begin 0 0 0 -1 0 2 1 1 0 0 0/0 13:11 0:03 2:52
Steve Montador 0 0 0 0 0 2 2 1 0 0 0/0 23:15 2:45 2:06
3 Stars
1 - Antti Miettinen (LAK)
2 - Kris Vernarsky (LAK)
3 - Michal Neuvirth (LAK)
Power Play
Kings - 0 on 3 Attempt(s) - 0,00%
Oilers - 0 on 4 Attempt(s) - 0,00%
Penalty Kill
Kings - 4 on 4 Attempt(s) - 100,00%
- Score 0 goal in Penalty Kill
Oilers - 3 on 3 Attempt(s) - 100,00%
- Score 0 goal in Penalty Kill
Official
Referees : Morton Dean and Meier Brad
Linesman : Brian Murphy and Pierre Racicot
Game Notes
Rob Scuderi is injured at 16:33 of 1st period (Sports Hernia)
0:53 of 3rd period - Kings goal is going for a video replay. After video review, Goal.
Finance
Level 1 -- Attendance: 5320 (88,67%) -- Ticket Income 462 840 $
Level 2 -- Attendance: 5000 (100,00%) -- Ticket Income 260 000 $
Level 3 -- Attendance: 1662 (83,10%) -- Ticket Income 53 184 $
Level 4 -- Attendance: 4000 (100,00%) -- Ticket Income 80 000 $
Luxury Box -- Attendance: 773 (77,30%) -- Ticket Income 132 183 $
Game was played at the Rexall Place
Total Attendance: 16755 (93,08%)
Total Ticket Income: 988 207 $
Other Income: 148 231 $
Total Income: 1 136 438 $
Kings
5 vs 5 Forward
Center Left Wing Right Wing Time % Phy DF OF
1 Anze Kopitar Henrik Zetterberg Georges Laraque 40 1 2 2
2 Patrik Berglund Derek Boogaard Patrick Kane 35 1 2 2
3 Kris Vernarsky Matt Pettinger Antti Miettinen 15 1 2 2
4 Jason Arnott Tomas Fleischmann Ryan Callahan 10 1 2 2
5 vs 5 Defense
Defense Defense Time % Phy DF OF
1 Adrian Aucoin Jay Bouwmeester 40 1 2 2
2 Danny Richmond Sergei Gonchar 30 1 2 2
3 Dennis Wideman Sean Zimmerman 20 1 2 2
4 Sergei Gonchar Jay Bouwmeester 10 1 2 2
PowerPlay Forward
Center Left Wing Right Wing Time % Phy DF OF
1 Anze Kopitar Henrik Zetterberg Patrick Kane 60 1 2 2
2 Patrik Berglund Tomas Fleischmann Ryan Callahan 40 1 2 2
PowerPlay Defense
Defense Defense Time % Phy DF OF
1 Sergei Gonchar Jay Bouwmeester 60 1 2 2
2 Dennis Wideman Danny Richmond 40 1 2 2
Penalty Kill 4 Players Forward
Center Wing Time % Phy DF OF
1 Jason Arnott Georges Laraque 60 1 2 2
2 Kris Vernarsky Antti Miettinen 40 1 2 2
Penalty Kill 4 Players Defense
Defense Defense Time % Phy DF OF
1 Danny Richmond Sean Zimmerman 60 1 2 2
2 Dennis Wideman Jay Bouwmeester 40 1 2 2
Penalty Kill - 3 Players Forward
Forward Time % Phy DF OF
1 Jason Arnott 60 1 2 2
2 Anze Kopitar 40 1 2 2
Penalty Kill - 3 Players Defense
Defense Defense Time % Phy DF OF
1 Danny Richmond Jay Bouwmeester 60 1 2 2
2 Dennis Wideman Sean Zimmerman 40 1 2 2
4 vs 4 Forward
Center Wing Time % Phy DF OF
1 Anze Kopitar Patrick Kane 60 1 2 2
2 Jason Arnott Henrik Zetterberg 40 1 2 2
4 vs 4 Defense
Defense Defense Time % Phy DF OF
1 Sergei Gonchar Jay Bouwmeester 60 1 2 2
2 Danny Richmond Adrian Aucoin 40 1 2 2
Last Minutes Offensive
Center Left Wing Right Wing Defense Defense
Anze Kopitar Henrik Zetterberg Patrick Kane Sergei Gonchar Jay Bouwmeester
Last Minutes Defensive
Center Left Wing Right Wing Defense Defense
Jason Arnott Derek Boogaard Georges Laraque Danny Richmond Jay Bouwmeester
Goaltenders
Starting : Michal Neuvirth
Backup : Tyler Weiman
Extra Forwards
Normal : Tomas Fleischmann, Antti Miettinen, Matt Pettinger - PP : Derek Boogaard, Georges Laraque - PK : Anze Kopitar
Extra Defensemen
Normal : Dennis Wideman, Sean Zimmerman, Danny Richmond - PP : Dennis Wideman - PK : Sean Zimmerman, Danny Richmond
Penalty Shots
Anze Kopitar, Jason Arnott, Patrick Kane, Henrik Zetterberg, Jay Bouwmeester
Oilers
5 vs 5 Forward
Center Left Wing Right Wing Time % Phy DF OF
1 Pavel Datsyuk Markus Naslund Joe Pavelski 39 1 2 2
2 Jonathan Toews Ilya Kovalchuk Brad Boyes 38 1 2 2
3 Erik Rasmussen Steve Begin Patrick Kaleta 15 1 2 2
4 Joffrey Lupul Eric Nystrom David Moss 8 1 2 2
5 vs 5 Defense
Defense Defense Time % Phy DF OF
1 Ian White Steve Montador 40 1 2 2
2 Duncan Keith Rob Scuderi 34 1 2 2
3 Karel Pilar Frantisek Kaberle 18 1 2 2
4 Duncan Keith Karel Pilar 8 1 2 2
PowerPlay Forward
Center Left Wing Right Wing Time % Phy DF OF
1 Pavel Datsyuk Markus Naslund Joe Pavelski 50 0 1 4
2 Jonathan Toews Ilya Kovalchuk Brad Boyes 50 0 1 4
PowerPlay Defense
Defense Defense Time % Phy DF OF
1 Duncan Keith Ian White 66 1 2 2
2 Steve Montador Karel Pilar 34 1 2 2
Penalty Kill 4 Players Forward
Center Wing Time % Phy DF OF
1 Pavel Datsyuk Markus Naslund 50 1 3 1
2 Erik Rasmussen Steve Begin 50 1 3 1
Penalty Kill 4 Players Defense
Defense Defense Time % Phy DF OF
1 Duncan Keith Rob Scuderi 50 1 3 1
2 Ian White Steve Montador 50 1 3 1
Penalty Kill - 3 Players Forward
Forward Time % Phy DF OF
1 Pavel Datsyuk 50 1 4 0
2 Ilya Kovalchuk 50 1 4 0
Penalty Kill - 3 Players Defense
Defense Defense Time % Phy DF OF
1 Duncan Keith Rob Scuderi 50 1 4 0
2 Ian White Steve Montador 50 1 4 0
4 vs 4 Forward
Center Wing Time % Phy DF OF
1 Jonathan Toews Ilya Kovalchuk 50 1 2 2
2 Pavel Datsyuk Joe Pavelski 50 1 2 2
4 vs 4 Defense
Defense Defense Time % Phy DF OF
1 Ian White Steve Montador 50 1 3 1
2 Duncan Keith Rob Scuderi 50 1 3 1
Last Minutes Offensive
Center Left Wing Right Wing Defense Defense
Pavel Datsyuk Ilya Kovalchuk Joe Pavelski Duncan Keith Ian White
Last Minutes Defensive
Center Left Wing Right Wing Defense Defense
Pavel Datsyuk Markus Naslund Joe Pavelski Duncan Keith Rob Scuderi
Goaltenders
Starting : Scott Clemmensen
Backup : Cam Ward
Extra Forwards
Normal : Steve Begin, Patrick Kaleta, Ilya Kovalchuk - PP : Steve Begin, Patrick Kaleta - PK : Ilya Kovalchuk
Extra Defensemen
Normal : Rob Scuderi, Ian White, Duncan Keith - PP : Rob Scuderi - PK : Karel Pilar, Frantisek Kaberle
Penalty Shots
Ilya Kovalchuk, Markus Naslund, Pavel Datsyuk, Brad Boyes, Joe Pavelski
% Time on Ice - Kings
Lines # - Real PCT - Wanted PCT - Time Play
Normal Forward
1 - 36% - 40% - 16:49
2 - 28% - 35% - 12:57
3 - 22% - 15% - 10:04
4 - 15% - 10% - 6:48
Normal Defense
1 - 41% - 40% - 19:14
2 - 32% - 30% - 14:49
3 - 23% - 20% - 10:47
4 - 4% - 10% - 1:48
PP Forward
1 - 48% - 60% - 2:35
2 - 52% - 40% - 2:51
PP Defense
1 - 60% - 60% - 3:16
2 - 40% - 40% - 2:10
PK Forward
1 - 71% - 60% - 5:18
2 - 29% - 40% - 2:07
PK Defense
1 - 67% - 60% - 4:59
2 - 33% - 40% - 2:26
PK3 Forward
1 - 0% - 60%
2 - 0% - 40%
PK3 Defense
1 - 0% - 60%
2 - 0% - 40%
44 Forward
1 - 100% - 60% - 0:31
2 - 0% - 40% - 0:00
44 Defense
1 - 90% - 60% - 0:28
2 - 10% - 40% - 0:03
Last Minute Offensive - 0:00
Last Minute Defensive - 0:00
Total
Forward - 60:00
Defense - 60:00
|
% Time on Ice - Oilers
Lines # - Real PCT - Wanted PCT - Time Play
Normal Forward
1 - 36% - 39% - 16:35
2 - 30% - 38% - 14:11
3 - 20% - 15% - 9:23
4 - 14% - 8% - 6:29
Normal Defense
1 - 35% - 40% - 16:29
2 - 39% - 34% - 18:14
3 - 20% - 18% - 9:28
4 - 5% - 8% - 2:27
PP Forward
1 - 47% - 50% - 3:30
2 - 53% - 50% - 3:55
PP Defense
1 - 63% - 66% - 4:40
2 - 37% - 34% - 2:45
PK Forward
1 - 47% - 50% - 2:32
2 - 53% - 50% - 2:54
PK Defense
1 - 55% - 50% - 2:59
2 - 45% - 50% - 2:27
PK3 Forward
1 - 0% - 50%
2 - 0% - 50%
PK3 Defense
1 - 0% - 50%
2 - 0% - 50%
44 Forward
1 - 0% - 50% - 0:00
2 - 100% - 50% - 0:31
44 Defense
1 - 48% - 50% - 0:15
2 - 52% - 50% - 0:16
Last Minute Offensive - 0:00
Last Minute Defensive - 0:00
Total
Forward - 60:00
Defense - 60:00
|
Play by Play
1st period
0:01 of 1st period - Pavel Datsyuk wins face-off versus Anze Kopitar in neutral zone.
0:04 of 1st period - Wrist shot by Joe Pavelski.
0:04 of 1st period - Shot Misses the Net.
0:06 of 1st period - Slapshot by Ian White.
0:06 of 1st period - Stopped by Michal Neuvirth without a rebound.
0:07 of 1st period - Markus Naslund wins face-off versus Anze Kopitar in Kings zone.
0:08 of 1st period - Snap shot by Pavel Datsyuk.
0:08 of 1st period - Goal by Pavel Datsyuk - Kings : 0 - Oilers : 1.
0:09 of 1st period - Patrik Berglund wins face-off versus Jonathan Toews in neutral zone.
0:18 of 1st period - Slapshot by Sergei Gonchar.
0:18 of 1st period - Shot Blocked by Rob Scuderi.
0:20 of 1st period - Slapshot by Danny Richmond.
0:20 of 1st period - Stopped by Scott Clemmensen with a rebound.
0:22 of 1st period - Slapshot by Danny Richmond.
0:22 of 1st period - Deflect By Patrik Berglund.
0:22 of 1st period - Shot Misses the Net.
0:22 of 1st period - Puck is out of play.
0:23 of 1st period - Erik Rasmussen wins face-off versus Kris Vernarsky in Oilers zone.
0:53 of 1st period - Snap shot by Markus Naslund.
0:53 of 1st period - Shot Misses the Net.
1:11 of 1st period - Icing by Ian White.
1:12 of 1st period - Patrik Berglund wins face-off versus Jonathan Toews in Oilers zone.
1:13 of 1st period - Snap shot by Patrick Kane.
1:13 of 1st period - Stopped by Scott Clemmensen with a rebound.
3:45 of 1st period - Frantisek Kaberle is hit by Adrian Aucoin and loses puck.
5:22 of 1st period - Wrist shot by Ilya Kovalchuk.
5:22 of 1st period - Shot Blocked by Adrian Aucoin.
5:58 of 1st period - Snap shot by Matt Pettinger.
5:58 of 1st period - Shot Blocked by Pavel Datsyuk.
6:17 of 1st period - Ian White is hit by Sergei Gonchar and loses puck.
6:20 of 1st period - Minor Penalty to Patrick Kane for Hooking.
6:21 of 1st period - Jason Arnott wins face-off versus Pavel Datsyuk in Kings zone.
6:26 of 1st period - Slapshot by Danny Richmond.
6:26 of 1st period - Deflect By Jason Arnott.
6:26 of 1st period - Stopped by Scott Clemmensen without a rebound.
6:27 of 1st period - Pavel Datsyuk wins face-off versus Jason Arnott in Oilers zone.
8:20 of 1st period - Penalty to Patrick Kane is over, Patrick Kane is back on ice.
8:27 of 1st period - Sean Zimmerman is hit by Erik Rasmussen.
8:37 of 1st period - Steve Begin is hit by Antti Miettinen and loses puck.
9:00 of 1st period - Wrist shot by David Moss.
9:00 of 1st period - Stopped by Michal Neuvirth with a rebound.
9:41 of 1st period - Off-side.
9:42 of 1st period - Erik Rasmussen wins face-off versus Kris Vernarsky in neutral zone.
10:41 of 1st period - Derek Boogaard is hit by Brad Boyes and loses puck.
10:54 of 1st period - Eric Nystrom is hit by Jason Arnott and loses puck.
11:13 of 1st period - Ian White is hit by Henrik Zetterberg and loses puck.
11:33 of 1st period - Off-side.
11:34 of 1st period - Pavel Datsyuk wins face-off versus Antti Miettinen in neutral zone.
12:29 of 1st period - Slapshot by Jason Arnott.
12:29 of 1st period - Stopped by Scott Clemmensen with a rebound.
13:12 of 1st period - Slapshot by Erik Rasmussen.
13:12 of 1st period - Stopped by Michal Neuvirth without a rebound.
13:13 of 1st period - Pavel Datsyuk wins face-off versus Patrik Berglund in Kings zone.
13:34 of 1st period - Minor Penalty to Derek Boogaard for Hooking.
13:35 of 1st period - Brad Boyes wins face-off versus Jason Arnott in Kings zone.
14:00 of 1st period - Jason Arnott is hit by Markus Naslund and loses puck.
14:25 of 1st period - Slapshot by Antti Miettinen.
14:25 of 1st period - Deflect By Kris Vernarsky.
14:25 of 1st period - Stopped by Scott Clemmensen with a rebound.
15:34 of 1st period - Penalty to Derek Boogaard is over, Derek Boogaard is back on ice.
15:47 of 1st period - Slapshot by Sergei Gonchar.
15:47 of 1st period - Stopped by Scott Clemmensen with a rebound.
15:49 of 1st period - Snap shot by Derek Boogaard.
15:49 of 1st period - Shot Misses the Net.
16:13 of 1st period - Duncan Keith is hit by Anze Kopitar and loses puck.
16:32 of 1st period - Rob Scuderi is hit by Patrick Kane.
16:33 of 1st period - Rob Scuderi from Oilers is injured at 16:33 of 1st period (Sports Hernia).
16:34 of 1st period - Jonathan Toews wins face-off versus Anze Kopitar in Oilers zone.
16:39 of 1st period - Snap shot by Henrik Zetterberg.
16:39 of 1st period - Shot Misses the Net.
16:49 of 1st period - Slapshot by Anze Kopitar.
16:49 of 1st period - Stopped by Scott Clemmensen without a rebound.
16:50 of 1st period - Pavel Datsyuk wins face-off versus Patrick Kane in Oilers zone.
16:50 of 1st period - Pavel Datsyuk is hit by Patrik Berglund.
16:58 of 1st period - Slapshot by Joe Pavelski.
16:58 of 1st period - Shot Misses the Net.
17:00 of 1st period - Snap shot by Pavel Datsyuk.
17:00 of 1st period - Deflect By Markus Naslund.
17:00 of 1st period - Shot Misses the Net.
17:00 of 1st period - Puck is out of play.
17:01 of 1st period - Anze Kopitar wins face-off versus Jonathan Toews in Kings zone.
17:30 of 1st period - Snap shot by Patrick Kane.
17:30 of 1st period - Shot Blocked by Joe Pavelski.
17:32 of 1st period - Wrist shot by Derek Boogaard.
17:32 of 1st period - Shot Misses the Net.
17:34 of 1st period - Snap shot by Patrick Kane.
17:34 of 1st period - Shot Blocked by Steve Montador.
17:38 of 1st period - Wrist shot by Derek Boogaard.
17:38 of 1st period - Goal by Derek Boogaard - Kings : 1 - Oilers : 1.
17:39 of 1st period - Jonathan Toews wins face-off versus Henrik Zetterberg in neutral zone.
18:04 of 1st period - Joe Pavelski is hit by Adrian Aucoin and loses puck.
18:25 of 1st period - Snap shot by Kris Vernarsky.
18:25 of 1st period - Stopped by Scott Clemmensen with a rebound.
18:29 of 1st period - Snap shot by Matt Pettinger.
18:29 of 1st period - Shot Misses the Net.
18:31 of 1st period - Snap shot by Antti Miettinen.
18:31 of 1st period - Stopped by Scott Clemmensen without a rebound.
18:32 of 1st period - Brad Boyes wins face-off versus Anze Kopitar in Oilers zone.
18:32 of 1st period - Brad Boyes is hit by Henrik Zetterberg.
19:05 of 1st period - Ian White is hit by Derek Boogaard and loses puck.
19:24 of 1st period - Snap shot by Ian White.
19:24 of 1st period - Stopped by Michal Neuvirth with a rebound.
19:26 of 1st period - Slapshot by Steve Montador.
19:26 of 1st period - Shot Misses the Net.
19:28 of 1st period - Slapshot by David Moss.
19:28 of 1st period - Stopped by Michal Neuvirth with a rebound.
19:30 of 1st period - Slapshot by Ian White.
19:30 of 1st period - Shot Blocked by Kris Vernarsky.
19:32 of 1st period - Backhand shot by Steve Montador.
19:32 of 1st period - Stopped by Michal Neuvirth without a rebound.
19:33 of 1st period - Anze Kopitar wins face-off versus Jonathan Toews in Kings zone.
Goals for this period are 1 for Kings vs 1 for Oilers.
Shots for this period are 10 for Kings vs 7 for Oilers.
2nd period
0:01 of 2nd period - Jonathan Toews wins face-off versus Anze Kopitar in neutral zone.
0:03 of 2nd period - Off-side.
0:04 of 2nd period - Jonathan Toews wins face-off versus Anze Kopitar in neutral zone.
0:07 of 2nd period - Anze Kopitar is hit by Jonathan Toews and loses puck.
0:28 of 2nd period - Minor Penalty to Ilya Kovalchuk for Tripping.
0:29 of 2nd period - Anze Kopitar wins face-off versus Pavel Datsyuk in Oilers zone.
0:32 of 2nd period - Wrist shot by Anze Kopitar.
0:32 of 2nd period - Shot Hit the Post.
2:28 of 2nd period - Penalty to Ilya Kovalchuk is over, Ilya Kovalchuk is back on ice.
2:37 of 2nd period - Snap shot by Kris Vernarsky.
2:37 of 2nd period - Stopped by Scott Clemmensen with a rebound.
2:58 of 2nd period - Snap shot by Erik Rasmussen.
2:58 of 2nd period - Shot Misses the Net.
3:00 of 2nd period - Snap shot by Eric Nystrom.
3:00 of 2nd period - Deflect By Erik Rasmussen.
3:00 of 2nd period - Shot Misses the Net.
3:00 of 2nd period - Puck is out of play.
3:01 of 2nd period - Pavel Datsyuk wins face-off versus Henrik Zetterberg in Kings zone.
3:08 of 2nd period - Snap shot by Pavel Datsyuk.
3:08 of 2nd period - Shot Misses the Net.
3:19 of 2nd period - Icing by Karel Pilar.
3:20 of 2nd period - Pavel Datsyuk wins face-off versus Patrik Berglund in Oilers zone.
3:25 of 2nd period - Snap shot by Derek Boogaard.
3:25 of 2nd period - Stopped by Scott Clemmensen with a rebound.
3:35 of 2nd period - Wrist shot by Pavel Datsyuk.
3:35 of 2nd period - Deflect By Markus Naslund.
3:35 of 2nd period - Stopped by Michal Neuvirth without a rebound.
3:36 of 2nd period - Anze Kopitar wins face-off versus Jonathan Toews in Kings zone.
4:06 of 2nd period - Ian White is hit by Patrik Berglund.
4:10 of 2nd period - Patrik Berglund is hit by Ian White and loses puck.
4:28 of 2nd period - Slapshot by Steve Montador.
4:28 of 2nd period - Shot Misses the Net.
4:34 of 2nd period - Slapshot by Markus Naslund.
4:34 of 2nd period - Stopped by Michal Neuvirth without a rebound.
4:35 of 2nd period - Jonathan Toews wins face-off versus Anze Kopitar in Kings zone.
5:37 of 2nd period - Off-side.
5:38 of 2nd period - Anze Kopitar wins face-off versus Jonathan Toews in neutral zone.
5:45 of 2nd period - Wrist shot by Anze Kopitar.
5:45 of 2nd period - Shot Blocked by Jonathan Toews.
6:03 of 2nd period - Adrian Aucoin is hit by Ian White and loses puck.
6:32 of 2nd period - Snap shot by Patrick Kane.
6:32 of 2nd period - Stopped by Scott Clemmensen with a rebound.
6:50 of 2nd period - Brad Boyes is hit by Sean Zimmerman and loses puck.
6:59 of 2nd period - Sean Zimmerman is hit by Steve Montador.
7:51 of 2nd period - Dennis Wideman is hit by Markus Naslund and loses puck.
7:58 of 2nd period - Snap shot by Joe Pavelski.
7:58 of 2nd period - Shot Misses the Net.
8:14 of 2nd period - Snap shot by Matt Pettinger.
8:14 of 2nd period - Stopped by Scott Clemmensen without a rebound.
8:15 of 2nd period - Kris Vernarsky wins face-off versus Brad Boyes in Oilers zone.
8:52 of 2nd period - Slapshot by Markus Naslund.
8:52 of 2nd period - Shot Blocked by Antti Miettinen.
8:54 of 2nd period - Snap shot by Joe Pavelski.
8:54 of 2nd period - Stopped by Michal Neuvirth with a rebound.
9:12 of 2nd period - Snap shot by Anze Kopitar.
9:12 of 2nd period - Stopped by Scott Clemmensen with a rebound.
9:14 of 2nd period - Snap shot by Anze Kopitar.
9:14 of 2nd period - Shot Blocked by Steve Begin.
9:16 of 2nd period - Slapshot by Danny Richmond.
9:16 of 2nd period - Deflect By Anze Kopitar.
9:16 of 2nd period - Stopped by Scott Clemmensen with a rebound.
9:34 of 2nd period - Wrist shot by Derek Boogaard.
9:34 of 2nd period - Shot Misses the Net.
9:36 of 2nd period - Slapshot by Jay Bouwmeester.
9:36 of 2nd period - Shot Blocked by David Moss.
9:58 of 2nd period - Slapshot by Tomas Fleischmann.
9:58 of 2nd period - Shot Blocked by Ilya Kovalchuk.
10:08 of 2nd period - Adrian Aucoin is hit by Joe Pavelski and loses puck.
10:29 of 2nd period - Snap shot by Erik Rasmussen.
10:29 of 2nd period - Stopped by Michal Neuvirth with a rebound.
10:53 of 2nd period - Jay Bouwmeester is hit by David Moss and loses puck.
11:08 of 2nd period - Antti Miettinen is hit by Brad Boyes and loses puck.
11:27 of 2nd period - Joe Pavelski is hit by Georges Laraque and loses puck.
11:34 of 2nd period - Slapshot by Anze Kopitar.
11:34 of 2nd period - Stopped by Scott Clemmensen with a rebound.
11:48 of 2nd period - Dennis Wideman is hit by Steve Begin and loses puck.
11:55 of 2nd period - Snap shot by Erik Rasmussen.
11:55 of 2nd period - Stopped by Michal Neuvirth with a rebound.
11:57 of 2nd period - Backhand shot by Steve Begin.
11:57 of 2nd period - Stopped by Michal Neuvirth without a rebound.
11:58 of 2nd period - Anze Kopitar wins face-off versus Pavel Datsyuk in Kings zone.
12:23 of 2nd period - Steve Begin is hit by Kris Vernarsky and loses puck.
12:36 of 2nd period - Erik Rasmussen is hit by Sean Zimmerman.
12:51 of 2nd period - Eric Nystrom is hit by Patrick Kane and loses puck.
13:13 of 2nd period - Tomas Fleischmann is hit by Frantisek Kaberle and loses puck.
13:28 of 2nd period - Brad Boyes is hit by Georges Laraque and loses puck.
14:06 of 2nd period - Steve Montador is hit by Derek Boogaard.
14:07 of 2nd period - Icing by Steve Montador.
14:08 of 2nd period - Joffrey Lupul wins face-off versus Kris Vernarsky in Oilers zone.
15:32 of 2nd period - Henrik Zetterberg is hit by Pavel Datsyuk and loses puck.
15:51 of 2nd period - Wrist shot by David Moss.
15:51 of 2nd period - Stopped by Michal Neuvirth without a rebound.
15:52 of 2nd period - Patrik Berglund wins face-off versus Jonathan Toews in Kings zone.
16:19 of 2nd period - Wrist shot by Joe Pavelski.
16:19 of 2nd period - Shot Misses the Net.
16:21 of 2nd period - Wrist shot by Ian White.
16:21 of 2nd period - Deflect By Jason Arnott.
16:21 of 2nd period - Stopped by Michal Neuvirth without a rebound.
16:22 of 2nd period - Pavel Datsyuk wins face-off versus Jason Arnott in Kings zone.
16:23 of 2nd period - Slapshot by Joe Pavelski.
16:23 of 2nd period - Deflect By Pavel Datsyuk.
16:23 of 2nd period - Shot Misses the Net.
16:23 of 2nd period - Puck is out of play.
16:24 of 2nd period - Pavel Datsyuk wins face-off versus Patrik Berglund in Kings zone.
16:33 of 2nd period - Markus Naslund is hit by Derek Boogaard and loses puck.
16:49 of 2nd period - Markus Naslund is hit by Ryan Callahan and loses puck.
16:54 of 2nd period - Slapshot by Jason Arnott.
16:54 of 2nd period - Shot Misses the Net.
16:56 of 2nd period - Snap shot by Tomas Fleischmann.
16:56 of 2nd period - Shot Blocked by Karel Pilar.
16:58 of 2nd period - Slapshot by Adrian Aucoin.
16:58 of 2nd period - Deflect By Tomas Fleischmann.
16:58 of 2nd period - Stopped by Scott Clemmensen with a rebound.
17:35 of 2nd period - Off-side.
17:36 of 2nd period - Anze Kopitar wins face-off versus Erik Rasmussen in neutral zone.
17:49 of 2nd period - Slapshot by Henrik Zetterberg.
17:49 of 2nd period - Deflect By Anze Kopitar.
17:49 of 2nd period - Shot Blocked by Patrick Kaleta.
17:49 of 2nd period - Puck is out of play.
17:50 of 2nd period - Patrik Berglund wins face-off versus Jonathan Toews in Oilers zone.
17:53 of 2nd period - Snap shot by Patrick Kane.
17:53 of 2nd period - Shot Blocked by Ilya Kovalchuk.
17:55 of 2nd period - Slapshot by Sergei Gonchar.
17:55 of 2nd period - Shot Blocked by Ian White.
17:57 of 2nd period - Backhand shot by Patrik Berglund.
17:57 of 2nd period - Shot Misses the Net.
18:24 of 2nd period - Snap shot by Joe Pavelski.
18:24 of 2nd period - Shot Misses the Net.
18:44 of 2nd period - Snap shot by Kris Vernarsky.
18:44 of 2nd period - Stopped by Scott Clemmensen with a rebound.
18:46 of 2nd period - Slapshot by Dennis Wideman.
18:46 of 2nd period - Stopped by Scott Clemmensen with a rebound.
19:00 of 2nd period - Snap shot by Tomas Fleischmann.
19:00 of 2nd period - Stopped by Scott Clemmensen without a rebound.
19:01 of 2nd period - Jonathan Toews wins face-off versus Anze Kopitar in Oilers zone.
19:10 of 2nd period - Slapshot by Steve Montador.
19:10 of 2nd period - Stopped by Michal Neuvirth without a rebound.
19:11 of 2nd period - Jonathan Toews wins face-off versus Anze Kopitar in Kings zone.
19:20 of 2nd period - Slapshot by Jay Bouwmeester.
19:20 of 2nd period - Shot Misses the Net.
19:22 of 2nd period - Snap shot by Henrik Zetterberg.
19:22 of 2nd period - Shot Blocked by Ian White.
19:24 of 2nd period - Wrist shot by Georges Laraque.
19:24 of 2nd period - Stopped by Scott Clemmensen with a rebound.
19:26 of 2nd period - Snap shot by Henrik Zetterberg.
19:26 of 2nd period - Stopped by Scott Clemmensen with a rebound.
19:28 of 2nd period - Slapshot by Jay Bouwmeester.
19:28 of 2nd period - Stopped by Scott Clemmensen without a rebound.
19:29 of 2nd period - Patrik Berglund wins face-off versus Pavel Datsyuk in Oilers zone.
Goals for this period are 0 for Kings vs 0 for Oilers.
Shots for this period are 14 for Kings vs 9 for Oilers.
3rd period
0:01 of 3rd period - Pavel Datsyuk wins face-off versus Anze Kopitar in neutral zone.
0:27 of 3rd period - Adrian Aucoin is hit by Steve Montador.
0:51 of 3rd period - Snap shot by Kris Vernarsky.
0:51 of 3rd period - Shot Misses the Net.
0:53 of 3rd period - Snap shot by Kris Vernarsky.
0:53 of 3rd period - Kings goal is going for a video replay.
0:53 of 3rd period - The goal is good.
0:53 of 3rd period - Goal by Kris Vernarsky - Kings : 2 - Oilers : 1.
0:54 of 3rd period - Pavel Datsyuk wins face-off versus Anze Kopitar in neutral zone.
0:57 of 3rd period - Slapshot by Ian White.
0:57 of 3rd period - Shot Misses the Net.
1:03 of 3rd period - Steve Montador is hit by Georges Laraque.
2:51 of 3rd period - Snap shot by Anze Kopitar.
2:51 of 3rd period - Stopped by Scott Clemmensen without a rebound.
2:52 of 3rd period - Patrik Berglund wins face-off versus Pavel Datsyuk in Oilers zone.
2:56 of 3rd period - Icing by Markus Naslund.
2:57 of 3rd period - Patrik Berglund wins face-off versus Pavel Datsyuk in Oilers zone.
2:58 of 3rd period - Wrist shot by Patrick Kane.
2:58 of 3rd period - Stopped by Scott Clemmensen without a rebound.
2:59 of 3rd period - Patrik Berglund wins face-off versus Pavel Datsyuk in Oilers zone.
3:00 of 3rd period - Snap shot by Patrick Kane.
3:00 of 3rd period - Shot Blocked by Joe Pavelski.
3:17 of 3rd period - Minor Penalty to Patrick Kane for Interference.
3:18 of 3rd period - Jason Arnott wins face-off versus Jonathan Toews in Kings zone.
4:29 of 3rd period - Icing by Ilya Kovalchuk.
4:30 of 3rd period - Jason Arnott wins face-off versus Jonathan Toews in Oilers zone.
4:38 of 3rd period - Icing by Jonathan Toews.
4:39 of 3rd period - Jason Arnott wins face-off versus Pavel Datsyuk in Oilers zone.
4:59 of 3rd period - Snap shot by Kris Vernarsky.
4:59 of 3rd period - Shot Misses the Net.
5:03 of 3rd period - Slapshot by Antti Miettinen.
5:03 of 3rd period - Stopped by Scott Clemmensen with a rebound.
5:17 of 3rd period - Penalty to Patrick Kane is over, Patrick Kane is back on ice.
5:35 of 3rd period - Patrick Kane is hit by Markus Naslund and loses puck.
6:35 of 3rd period - Frantisek Kaberle is hit by Adrian Aucoin and loses puck.
6:50 of 3rd period - Kris Vernarsky is hit by Jonathan Toews and loses puck.
7:36 of 3rd period - Henrik Zetterberg is hit by Markus Naslund and loses puck.
7:51 of 3rd period - Wrist shot by Patrick Kane.
7:51 of 3rd period - Shot Blocked by Ilya Kovalchuk.
7:53 of 3rd period - Slapshot by Sergei Gonchar.
7:53 of 3rd period - Deflect By Ilya Kovalchuk.
7:53 of 3rd period - Stopped by Scott Clemmensen with a rebound.
8:03 of 3rd period - Sean Zimmerman is hit by David Moss and loses puck.
8:19 of 3rd period - Minor Penalty to Ryan Callahan for High sticking.
8:20 of 3rd period - Pavel Datsyuk wins face-off versus Jason Arnott in Kings zone.
8:22 of 3rd period - Snap shot by Pavel Datsyuk.
8:22 of 3rd period - Stopped by Michal Neuvirth with a rebound.
8:26 of 3rd period - Snap shot by Joe Pavelski.
8:26 of 3rd period - Shot Blocked by Jason Arnott.
9:47 of 3rd period - Minor Penalty to Duncan Keith for Slashing.
9:48 of 3rd period - Pavel Datsyuk wins face-off versus Anze Kopitar in Oilers zone.
9:59 of 3rd period - Slapshot by Pavel Datsyuk.
9:59 of 3rd period - Shot Misses the Net.
10:01 of 3rd period - Snap shot by Joe Pavelski.
10:01 of 3rd period - Shot Blocked by Jay Bouwmeester.
10:03 of 3rd period - Slapshot by Ian White.
10:03 of 3rd period - Shot Blocked by Sergei Gonchar.
10:19 of 3rd period - Penalty to Ryan Callahan is over, Ryan Callahan is back on ice.
10:31 of 3rd period - Wrist shot by Tomas Fleischmann.
10:31 of 3rd period - Stopped by Scott Clemmensen with a rebound.
10:33 of 3rd period - Snap shot by Ryan Callahan.
10:33 of 3rd period - Shot Misses the Net.
11:06 of 3rd period - Icing by Dennis Wideman.
11:07 of 3rd period - Pavel Datsyuk wins face-off versus Anze Kopitar in Kings zone.
11:22 of 3rd period - Slapshot by Dennis Wideman.
11:22 of 3rd period - Stopped by Scott Clemmensen without a rebound.
11:23 of 3rd period - Patrik Berglund wins face-off versus Erik Rasmussen in Oilers zone.
11:32 of 3rd period - Karel Pilar is hit by Tomas Fleischmann and loses puck.
11:39 of 3rd period - Wrist shot by Tomas Fleischmann.
11:39 of 3rd period - Stopped by Scott Clemmensen with a rebound.
11:47 of 3rd period - Penalty to Duncan Keith is over, Duncan Keith is back on ice.
12:23 of 3rd period - Brad Boyes is hit by Anze Kopitar and loses puck.
12:46 of 3rd period - Snap shot by David Moss.
12:46 of 3rd period - Stopped by Michal Neuvirth without a rebound.
12:47 of 3rd period - Patrik Berglund wins face-off versus Jonathan Toews in Kings zone.
13:12 of 3rd period - Ian White is hit by Georges Laraque and loses puck.
13:36 of 3rd period - Off-side.
13:37 of 3rd period - Erik Rasmussen wins face-off versus Jason Arnott in neutral zone.
13:46 of 3rd period - Slapshot by Patrick Kaleta.
13:46 of 3rd period - Stopped by Michal Neuvirth without a rebound.
13:47 of 3rd period - Ilya Kovalchuk wins face-off versus Anze Kopitar in Kings zone.
13:48 of 3rd period - Snap shot by Jonathan Toews.
13:48 of 3rd period - Shot Misses the Net.
13:50 of 3rd period - Wrist shot by Jonathan Toews.
13:50 of 3rd period - Shot Misses the Net.
14:14 of 3rd period - Slapshot by Tomas Fleischmann.
14:14 of 3rd period - Shot Blocked by Ilya Kovalchuk.
14:16 of 3rd period - Wrist shot by Ryan Callahan.
14:16 of 3rd period - Shot Misses the Net.
14:18 of 3rd period - Snap shot by Ryan Callahan.
14:18 of 3rd period - Shot Blocked by Jonathan Toews.
14:48 of 3rd period - Snap shot by Brad Boyes.
14:48 of 3rd period - Shot Blocked by Kris Vernarsky.
14:50 of 3rd period - Snap shot by Duncan Keith.
14:50 of 3rd period - Stopped by Michal Neuvirth without a rebound.
14:51 of 3rd period - Anze Kopitar wins face-off versus Pavel Datsyuk in Kings zone.
14:51 of 3rd period - Anze Kopitar is hit by Joe Pavelski.
15:21 of 3rd period - Wrist shot by Steve Begin.
15:21 of 3rd period - Stopped by Michal Neuvirth without a rebound.
15:22 of 3rd period - Patrik Berglund wins face-off versus Erik Rasmussen in Kings zone.
15:48 of 3rd period - Backhand shot by Patrick Kane.
15:48 of 3rd period - Stopped by Scott Clemmensen without a rebound.
15:49 of 3rd period - Anze Kopitar wins face-off versus Pavel Datsyuk in Oilers zone.
16:22 of 3rd period - Icing by Kris Vernarsky.
16:23 of 3rd period - Pavel Datsyuk wins face-off versus Kris Vernarsky in Kings zone.
16:42 of 3rd period - Snap shot by Antti Miettinen.
16:42 of 3rd period - Goal by Antti Miettinen - Kings : 3 - Oilers : 1.
16:43 of 3rd period - Pavel Datsyuk wins face-off versus Anze Kopitar in neutral zone.
16:43 of 3rd period - Minor Penalty to Markus Naslund for Roughing.
16:44 of 3rd period - Pavel Datsyuk wins face-off versus Anze Kopitar in Oilers zone.
17:05 of 3rd period - Ilya Kovalchuk is hit by Sergei Gonchar and loses puck.
17:24 of 3rd period - Backhand shot by Jay Bouwmeester.
17:24 of 3rd period - Stopped by Scott Clemmensen without a rebound.
17:25 of 3rd period - Pavel Datsyuk wins face-off versus Patrik Berglund in Oilers zone.
18:18 of 3rd period - Snap shot by Pavel Datsyuk.
18:18 of 3rd period - Deflect By Ilya Kovalchuk.
18:18 of 3rd period - Shot Misses the Net.
18:18 of 3rd period - Puck is out of play.
18:19 of 3rd period - Tomas Fleischmann wins face-off versus Pavel Datsyuk in Kings zone.
18:43 of 3rd period - Penalty to Markus Naslund is over, Markus Naslund is back on ice.
18:51 of 3rd period - Snap shot by Henrik Zetterberg.
18:51 of 3rd period - Stopped by Scott Clemmensen without a rebound.
18:52 of 3rd period - Pavel Datsyuk wins face-off versus Anze Kopitar in Oilers zone.
19:07 of 3rd period - Sean Zimmerman is hit by Markus Naslund and loses puck.
19:40 of 3rd period - Wrist shot by Ilya Kovalchuk.
19:40 of 3rd period - Shot Blocked by Jay Bouwmeester.
Goals for this period are 2 for Kings vs 0 for Oilers.
Shots for this period are 12 for Kings vs 5 for Oilers.
Output by the SimonT Hockey Simulator (STHS) for François Prévost -- Original Page W3C XHTML 1.0 Valid